 Dungeon Crawl Stone Soup version 0.28-a0-1212-gc6b4282bc0 (webtiles) character file.

Game seed: 4768183865848655011

140 MordorOrchid the Covert (level 5, -6/47 HPs)
             Began as a Gnoll Delver on Dec 21, 2021.
             Mangled by an ogre (21 damage)
             ... on level 5 of the Dungeon.
             The game lasted 00:02:15 (304 turns).

MordorOrchid the Covert (Gnoll Delver)               Turns: 304, Time: 00:02:15

Health: -6/47      AC: 20    Str: 11    XL:     5   Next: 23%
Magic:  7/7        EV:  6    Int: 11    God:
Gold:   54         SH:  0    Dex: 14    Spells: 6/6 levels left

rFire   . . .      SeeInvis .   a - +0 falchion
rCold   . . .      Faith    .   (no shield)
rNeg    . . .      Spirit   .   f - +12 chain mail "Wimyr" {rPois}
rPois   +          Reflect  .   (no helmet)
rElec   .          Harm     .   (no cloak)
rCorr   .          Rampage  .   (no gloves)
Will    .....                   (no boots)
Stlth   +.........              (no amulet)
HPRegen 0.15/turn               (no ring)
MPRegen 0.10/turn               (no ring)

@: no status effects
A: fangs 1, strong nose, distributed training
a: no special abilities


You were on level 5 of the Dungeon.
You visited 1 branch of the dungeon, and saw 1 of its levels.

You collected 54 gold pieces.

Inventory:

Hand Weapons
 a - a +0 falchion (weapon)
Armour
 b - a +0 leather armour
 f - the +12 chain mail "Wimyr" (worn) {rPois}
   (You found it on level 5 of the Dungeon)

   rPois:     It protects you from poison.
Wands
 g - a wand of digging (3)
Scrolls
 c - a scroll of fog
 d - a scroll of magic mapping
 e - a scroll of fear
 h - a scroll of torment {unknown}
 i - 2 scrolls of vulnerability


   Skills:
 + Level 6.6 Fighting
 + Level 1.4 Short Blades
 + Level 4.7 Long Blades
 + Level 1.4 Axes
 + Level 1.4 Maces & Flails
 + Level 1.4 Polearms
 + Level 1.4 Staves
 + Level 1.4 Slings
 + Level 1.4 Bows
 + Level 1.4 Crossbows
 + Level 1.4 Throwing
 + Level 1.4 Armour
 + Level 4.7 Dodging
 + Level 9.6 Stealth
 + Level 1.4 Shields
 + Level 1.4 Unarmed Combat
 + Level 1.4 Spellcasting
 + Level 1.1 Conjurations
 + Level 1.1 Hexes
 + Level 1.1 Summonings
 + Level 1.1 Necromancy
 + Level 1.1 Translocations
 + Level 1.1 Transmutations
 + Level 1.1 Fire Magic
 + Level 1.1 Ice Magic
 + Level 1.1 Air Magic
 + Level 1.1 Earth Magic
 + Level 1.1 Poison Magic
 + Level 1.5 Invocations
 + Level 1.4 Evocations


You had 6 spell levels left.
You didn't know any spells.
Your spell library was empty.

Dungeon Overview and Level Annotations

Branches:
Dungeon (5/15)
 Temple: D:4-7

Altars:


Innate Abilities, Weirdness & Mutations

You have very sharp teeth.
Your uncanny sense of smell can sniff out nearby items.
Your experience applies equally to all skills.


Message History

The orc is severely wounded.
The orc hits you but does no damage.
Your chain mail "Wimyr" prevents you from hitting the orc.
The orc is severely wounded.
The orc hits you with a +0 hand axe.
You closely miss the orc. Your bite misses the orc.
The orc is severely wounded.
The orc hits you but does no damage. x2
You completely miss the orc.
The orc is severely wounded.
The orc hits you but does no damage.
You slash the orc!
You kill the orc!
Things that are here:
a +0 hand axe; an orc corpse 2 orcs and an ogre come into view.
The orc shouts!
The orc moves out of view.
An orc comes into view. It is wielding a +0 whip.
The orc moves out of view.
You aren't carrying any potions.
Okay, then.
Things that are here:
a +0 hand axe; an orc corpse The ogre barely misses you.
You hit the ogre.
The ogre is moderately wounded.
You hit the ogre but do no damage.
The ogre is moderately wounded.
The ogre barely misses you.
You slash the ogre!
The ogre is heavily wounded.
The ogre hits you with a +0 giant club.
You closely miss the ogre. Your bite misses the ogre.
The ogre is heavily wounded.
The ogre hits you with a +0 giant club!
Your chain mail "Wimyr" prevents you from hitting the ogre.
The ogre is heavily wounded.
The ogre hits you with a +0 giant club!!
You die...

######..#####.
#....#........
#....#.######.
#####....#.#
#...'....'.#
#.###....#.#
#.# #....###
#.# #....# #@#
#....# #O#
#....# #.#
###### #.# #.#
#)# #.# #.#
#.#


You could see an ogre.

Vanquished Creatures
  A phantom (D:5)
  A scorpion (D:5)
  An ufetubus (D:5)
  An orc (D:5)
4 creatures vanquished.

Notes
Turn   | Place    | Note
-------+----------+-------------------------------------------
     0 | D:5      | Reached skill level 9 in Stealth
     0 | D:5      | MordorOrchid the Gnoll Delver began the quest for the Orb.
     0 | D:5      | Reached XP level 1. HP: 23/23 MP: 1/1
    37 | D:5      | Identified the +12 chain mail "Wimyr" {rPois}
   154 | D:5      | Noticed a scorpion
   165 | D:5      | Killed a scorpion
   166 | D:5      | Reached skill level 1 in Short Blades
   166 | D:5      | Reached skill level 1 in Axes
   166 | D:5      | Reached skill level 1 in Maces & Flails
   166 | D:5      | Reached skill level 1 in Polearms
   166 | D:5      | Reached skill level 1 in Staves
   166 | D:5      | Reached skill level 1 in Slings
   166 | D:5      | Reached skill level 1 in Bows
   166 | D:5      | Reached skill level 1 in Crossbows
   166 | D:5      | Reached skill level 1 in Throwing
   166 | D:5      | Reached skill level 1 in Armour
   166 | D:5      | Reached skill level 1 in Shields
   166 | D:5      | Reached skill level 1 in Unarmed Combat
   166 | D:5      | Reached skill level 1 in Spellcasting
   166 | D:5      | Reached skill level 1 in Invocations
   166 | D:5      | Reached skill level 1 in Evocations
   166 | D:5      | Reached XP level 2. HP: 29/29 MP: 1/3
   166 | D:5      | Reached XP level 3. HP: 35/35 MP: 1/4
   166 | D:5      | Reached XP level 4. HP: 41/41 MP: 1/5
   216 | D:5      | Noticed a phantom
   236 | D:5      | Killed a phantom
   237 | D:5      | Reached skill level 1 in Conjurations
   237 | D:5      | Reached skill level 1 in Hexes
   237 | D:5      | Reached skill level 1 in Summonings
   237 | D:5      | Reached skill level 1 in Necromancy
   237 | D:5      | Reached skill level 1 in Translocations
   237 | D:5      | Reached skill level 1 in Transmutations
   237 | D:5      | Reached skill level 1 in Fire Magic
   237 | D:5      | Reached skill level 1 in Ice Magic
   237 | D:5      | Reached skill level 1 in Air Magic
   237 | D:5      | Reached skill level 1 in Earth Magic
   237 | D:5      | Reached skill level 1 in Poison Magic
   237 | D:5      | Reached XP level 5. HP: 18/47 MP: 5/7
   279 | D:5      | Noticed an ogre
   304 | D:5      | Mangled by an ogre

Illustrated notes

Levels and vault maps discovered:
D:5:      layout_basic, minmay_misc_feat_roman

Skill      XL: |  1  2  3  4 |
---------------+-------------+-----
Stealth        | |  9.6
Short Blades   | 1 |  1.4
Axes           | 1 |  1.4
Maces & Flails | 1 |  1.4
Polearms       | 1 |  1.4
Staves         | 1 |  1.4
Slings         | 1 |  1.4
Bows           | 1 |  1.4
Crossbows      | 1 |  1.4
Throwing       | 1 |  1.4
Armour         | 1 |  1.4
Shields        | 1 |  1.4
Unarmed Combat | 1 |  1.4
Spellcasting   | 1 |  1.4
Invocations    | 1 |  1.5
Evocations     | 1 |  1.4
Conjurations   | 1 |  1.1
Hexes          | 1 |  1.1
Summonings     | 1 |  1.1
Necromancy     | 1 |  1.1
Translocations | 1 |  1.1
Transmutations | 1 |  1.1
Fire Magic     | 1 |  1.1
Ice Magic      | 1 |  1.1
Air Magic      | 1 |  1.1
Earth Magic    | 1 |  1.1
Poison Magic   | 1 |  1.1
Fighting       | |  6.6
Long Blades    | |  4.7
Dodging        | |  4.7

Action                   |  1- 3 |  4- 6 || total
-------------------------+-------+-------++-------
Melee: Falchion          |     9 |    27 ||    36
       Bite              |     1 |     2 ||     3
  Use: Potion            |     1 |       ||     1
       Scroll            |       |     1 ||     1
Armor: Chain mail        |     5 |    15 ||    20
Dodge: Dodged            |     4 |     5 ||     9

Table legend: (Time is in decaauts)
 A = Elapsed time spent in this place.
 B = Non-inter-level travel time spent in this place.
 C = Inter-level travel time spent in this place.
 D = Time resting spent in this place.
 E = Time spent auto-exploring this place.
 F = Levels seen in this place.
 G = Mean time per level.
                   A        B        C        D        E       F      G
               +--------+--------+--------+--------+--------+-----+--------+
         Total |    287 |    287 |      0 |      0 |      0 |   1 |  287.0 |
       Dungeon |    287 |    287 |      0 |      0 |      0 |   1 |  287.0 |
               +--------+--------+--------+--------+--------+-----+--------+

Top non-repeatable levels by time:
     D:5: 287 daAuts
